 Dungeon Crawl Stone Soup version 0.28-a0-1510-gd0f6b136d3 (webtiles) character file.

Game seed: 14673183438973560788

9395 Maimakterion the Grappler (level 11, -11/89 HPs)
             Began as a Red Draconian Transmuter on Jan 15, 2022.
             Was a Believer of Qazlal.
             Mangled by a cyclops (28 damage)
             ... on level 9 of the Dungeon.
             The game lasted 00:19:43 (10537 turns).

Maimakterion the Grappler (DrTm)                   Turns: 10537, Time: 00:19:44

Health: -11/89     AC:  9    Str: 24    XL:     11   Next: 22%
Magic:  13/14      EV: 15    Int: 13    God:    Qazlal [**....]
Gold:   505        SH:  3    Dex: 11    Spells: 8/14 levels left

rFire   + . .      SeeInvis .     - Unarmed
rCold   + . .      Faith    .   (no shield)
rNeg    . . .      Spirit   .   (armour unavailable)
rPois   .          Reflect  .   (helmet currently unavailable)
rElec   .          Harm     .   I - +0 cloak
rCorr   .          Rampage  .   g - +0 pair of gloves
Will    .....                   (boots currently unavailable)
Stlth   ++........              F - amulet of the acrobat
HPRegen 0.24/turn               m - ring of protection from cold
MPRegen 0.14/turn               y - +6 ring of strength

@: appendages (expiring)
A: horns 2, talons 2, breathe fire, AC +7, unfitting armour, fire resistance 1,
cold-blooded
a: Breathe Fire, End Transformation, Renounce Religion, Upheaval


You were on level 9 of the Dungeon.
You worshipped Qazlal.
Qazlal was pleased with you.
You had temporarily grown beastly horns and talons.
You visited 1 branch of the dungeon, and saw 10 of its levels.
You also visited: Ossuary.

You collected 505 gold pieces.

Inventory:

Missiles
 p - 38 poisoned darts (quivered)
 G - a throwing net
Armour
 g - a +0 pair of gloves (worn)
 w - a +0 pair of boots (melded)
 I - a +0 cloak (worn)
Jewellery
 h - a +6 ring of intelligence
 k - a +6 ring of dexterity
 m - a ring of protection from cold (left hand)
 y - a +6 ring of strength (right hand)
 F - an amulet of the acrobat (around neck)
Wands
 D - a wand of polymorph (7)
 H - a wand of mindburst (5)
Scrolls
 c - 6 scrolls of teleportation
 d - 4 scrolls of immolation {unknown}
 l - 2 scrolls of amnesia
 r - a scroll of magic mapping
 s - a scroll of torment {unknown}
 t - 3 scrolls of fog {unknown}
 u - a scroll of fear {unknown}
 x - a scroll of holy word {unknown}
 B - 2 scrolls of enchant armour {unknown}
 C - 2 scrolls of blinking {unknown}
Potions
 a - a potion of might
 b - 2 potions of flight {unknown}
 e - 2 potions of brilliance {unknown}
 f - 3 potions of heal wounds {unknown}
 i - 2 potions of berserk rage {unknown}
 j - 2 potions of curing
 n - a potion of resistance {unknown}
 o - a potion of magic {unknown}
 q - 2 potions of degeneration {unknown}
 v - a potion of ambrosia {unknown}
 z - a potion of cancellation {unknown}
 A - 2 potions of mutation {unknown}
 E - 2 potions of lignification {unknown}


   Skills:
 * Level 5.9 Fighting
 * Level 8.4 Dodging
 - Level 4.7 Stealth
 + Level 12.6 Unarmed Combat
 - Level 2.0 Spellcasting
 - Level 2.0 Transmutations
 * Level 3.6 Invocations
 * Level 3.5 Evocations


You had 8 spell levels left.
You knew the following spells:

 Your Spells              Type           Power      Damage    Failure   Level
a - Beastly Appendage     Tmut           12%        N/A       11%         1
b - Wereblood             Tmut           6%         N/A       17%         2
c - Spider Form           Tmut/Pois      3%         N/A       45%         3

Your spell library contained the following spells:

 Spells                   Type           Power      Damage    Failure   Level
 Call Canine Familiar     Summ           1%         N/A       58%         3
 Portal Projectile        Hex/Tloc       2%         N/A       58%         3
 Ice Form                 Ice/Tmut       3%         N/A       86%         4
 Leda's Liquefaction      Hex/Erth       0%         N/A       94%         4
 Lee's Rapid Deconstruct  Erth           0%         3d5*      100%        5
 Statue Form              Tmut/Erth      2%         N/A       100%        6
 Borgnjor's Revivificati  Necr           0%         N/A       100%        8
 Necromutation            Tmut/Necr      1%         N/A       100%        8
 Death's Door             Necr           0%         N/A       100%        9


Dungeon Overview and Level Annotations

Branches:
Dungeon (10/15)              Lair (0/6) D:9         Ossuary (visited)
 Temple: D:4-7          Orc: D:9-12

Altars:
Dithmenos
Elyvilon
Fedhas
Nemelex Xobeh
Qazlal
Ru
Uskayaw

Shops:
D:3 ((!

Annotations:
D:4 1 runed translucent door, murtidash's ghost, weakling HODe


Innate Abilities, Weirdness & Mutations

You have temporarily grown beastly horns and talons.
You can breathe blasts of fire.
Your fiery red scales are hard. (AC +7)
You cannot fit into any form of body armour.
Your flesh is heat resistant. (rF+)
You are cold-blooded and may be slowed by cold attacks.


Message History

You start resting.
A yak is nearby!
You hit the yak. You punch the yak.
The yak is moderately wounded.
You completely miss the yak. You punch the yak!
The yak is heavily wounded.
The yak gores you but does no damage.
You punch the yak! Your punch misses the yak.
The yak is almost dead.
The yak closely misses you.
You punch the yak!
You kill the yak!
Qazlal accepts your kill.
You hear a shout!
You start resting.
A cyclops is nearby!
Casting: Beastly Appendage (safe; 11% risk of failure)
Confirm with . or Enter, or press ? or * to list all spells.
You grow a pair of large bovine horns.
Your feet morph into talons.
Your +0 pair of boots melds into your body.
The cyclops completely misses you.
You now have 13/14 mp.
You punch the cyclops! You claw the cyclops.
The cyclops is moderately wounded.
You punch the cyclops! You claw the cyclops, but do no damage.
The cyclops is heavily wounded.
Your transformation is almost over.
The cyclops misses you.
You punch the cyclops! You headbutt the cyclops. You tail-slap the cyclops.
The cyclops is severely wounded.
The cyclops hits you!
* * * LOW HITPOINT WARNING * * *
You take 12 damage, and have 16/89 hp.
You barely miss the cyclops. You claw the cyclops.
You headbutt the cyclops, but do no damage.
The cyclops is almost dead.
You hit the cyclops but do no damage.
The cyclops is almost dead.
The cyclops hits you!!
You die...

#. #..# #..# #
#..# #..# #..#
♣# #..# .# #..#
Y# #..# .# #..#
♣♣.# ♣#..# ♣)♣#
♣♣...# ♣♣@#
♣....# ♣C♣# #
♣....# ♣♣ #.
♣♣.#).#
♣♣.♣♣#.♣♣.♣#..#
♣.≈.♣ ♣..♣♣#..#
≈≈≈ ♣♣.♣♣#..#
.≈. ♣♣.♣#..#
♣?♣ ♣.♣♣#..# ♣
#C# ♣.♣ #..#


You could see a cyclops.

Vanquished Creatures
  Harold (D:8)
  Pikel (D:8)
  A deep elf pyromancer (D:9)
  Maurice (D:9)
  A komodo dragon (D:9)
  A troll (D:10)
  A hornet (D:9)
  Prince Ribbit (D:6)
  A shadow (D:9)
  A wraith (D:9)
  A wyvern (D:9)
  6 yaks (D:9)
  A steam dragon (D:4)
  2 vampire mosquitoes (D:8)
  An acid dragon (D:9)
  3 water moccasins
  An orc warrior (D:9)
  3 ice beasts
  A sky beast (D:5)
  A necrophage (D:5)
  3 ogres
  4 centaurs
  2 phantoms (D:5)
  3 kobold brigands
  A bullfrog (D:7)
  A scorpion (D:6)
  3 elf skeletons (D:4)
  20 killer bees
  3 howler monkeys
  16 wights
  2 centaur zombies (D:9)
  2 centaur skeletons
  A hound (D:5)
  2 jellies
  A gnoll shaman (D:4)
  3 orc priests (D:7)
  3 bullfrog skeletons
  2 human zombies (D:4)
  3 iguanas
  3 orc wizards
  A scorpion zombie (D:5)
  A killer bee zombie (D:8)
  2 hound skeletons
  12 mummies (Ossuary)
  2 howler monkey zombies
  4 gnolls (D:4)
  11 adders
  2 white imps
  An ufetubus (D:6)
  4 worms
  4 dart slugs
  18 orcs
  11 ball pythons
  8 bats
  9 endoplasms
  2 giant cockroaches
  12 goblins
  9 hobgoblins
  13 jackals
  A quokka (D:1)
  3 frilled lizards
  A gnoll skeleton (Ossuary)
  A goblin skeleton (Ossuary)
  26 kobolds
  2 kobold skeletons (Ossuary)
  6 orc skeletons
  4 orc zombies (D:4)
  6 rats
  11 rat skeletons (Ossuary)
295 creatures vanquished.

Vanquished Creatures (others)
  14 plants (D:9)
14 creatures vanquished.

Grand Total: 309 creatures vanquished

Notes
Turn   | Place    | Note
-------+----------+-------------------------------------------
     0 | D:1      | Maimakterion the Draconian Transmuter began the quest for
                  | the Orb.
     0 | D:1      | Reached XP level 1. HP: 16/16 MP: 3/3
    52 | D:1      | Reached XP level 2. HP: 23/23 MP: 3/5
   665 | D:1      | Reached XP level 3. HP: 19/28 MP: 4/6
  1006 | D:2      | Reached skill level 4 in Unarmed Combat
  1541 | D:2      | Found a faded altar of an unknown god.
  1654 | D:2      | Reached XP level 4. HP: 29/35 MP: 5/7
  1657 | D:2      | Learned a level 2 spell: Wereblood
  2312 | D:3      | Reached XP level 5. HP: 40/40 MP: 8/8
  2362 | D:3      | Found Acviafum's Distillery.
  2517 | D:3      | Found Olozaf's Weapon Emporium.
  2526 | D:3      | Found Zoit's Weapon Shoppe.
  2596 | D:3      | Reached skill level 5 in Unarmed Combat
  3286 | D:4      | Reached skill level 1 in Stealth
  3293 | D:4      | Found a sand-covered staircase.
  3307 | D:4      | Reached XP level 6. HP: 44/47 MP: 6/9
  3317 | D:4      | Reached skill level 6 in Unarmed Combat
  3355 | Ossuary  | Entered an ossuary
  3684 | Ossuary  | Your scales start taking on a fiery red colour.
  3684 | Ossuary  | Reached XP level 7. HP: 49/52 MP: 10/10
  3684 | Ossuary  | Gained mutation: Your flesh is heat resistant. (rF+) [Red
                  | Draconian growth]
  3688 | Ossuary  | Learned a level 3 spell: Spider Form
  4058 | D:4      | Reached skill level 7 in Unarmed Combat
  4109 | D:4      | Found a runed translucent door.
  4372 | D:4      | Noticed a steam dragon
  4377 | D:4      | Killed a steam dragon
  4518 | D:4      | Reached skill level 8 in Unarmed Combat
  4841 | D:4      | Noticed murtidash's ghost (weakling HODe)
  4853 | D:5      | Entered Level 5 of the Dungeon
  4910 | D:5      | Reached XP level 8. HP: 53/59 MP: 7/11
  5204 | D:5      | Reached skill level 9 in Unarmed Combat
  5771 | D:6      | Noticed Prince Ribbit
  5824 | D:6      | Killed Prince Ribbit
  5895 | D:6      | Reached skill level 5 in Dodging
  5895 | D:6      | Reached skill level 10 in Unarmed Combat
  5895 | D:6      | Reached XP level 9. HP: 22/68 MP: 5/12
  6070 | D:2      | Prayed at the altar of an unknown god.
  6070 | D:2      | Became a worshipper of Ru the Awakened
  6286 | D:6      | Found a shadowy altar of Dithmenos.
  6321 | D:6      | Found a stormy altar of Qazlal.
  6333 | D:6      | Found a blossoming altar of Fedhas.
  6340 | D:6      | Fell from the grace of Ru
  6340 | D:6      | Became a worshipper of Qazlal Stormbringer
  7263 | D:7      | Found a white marble altar of Elyvilon.
  7415 | D:7      | Reached skill level 11 in Unarmed Combat
  7423 | D:7      | Reached * piety under Qazlal
  7813 | D:7      | You fall into a shaft and drop 3 floors!
  7813 | D:10     | Entered Level 10 of the Dungeon
  7813 | D:10     | Noticed a troll
  7819 | D:10     | Killed a troll
  7825 | D:10     | Reached XP level 10. HP: 80/80 MP: 11/13
  8071 | D:8      | Found a sacrificial altar of Ru.
  8216 | D:8      | Reached skill level 1 in Invocations
  8216 | D:8      | Reached skill level 1 in Evocations
  8248 | D:8      | HP: 4/80 [vampire mosquito (7)]
  8251 | D:8      | HP: 1/80 [vampire mosquito (8)]
  8788 | D:8      | Noticed Harold
  8800 | D:8      | Killed Harold
  8801 | D:8      | Reached skill level 5 in Fighting
  8870 | D:8      | Identified the +9 whip of the Solstice {holy, rElec rN++
                  | Int+2 Stlth+}
  9183 | D:8      | Noticed Pikel
  9191 | D:8      | Killed Pikel
  9192 | D:8      | Reached skill level 12 in Unarmed Combat
  9327 | D:8      | Reached ** piety under Qazlal
  9753 | D:9      | Found a hide-covered altar of Uskayaw.
 10043 | D:9      | Found a staircase to the Lair.
 10081 | D:9      | Found a sparkling altar of Nemelex Xobeh.
 10241 | D:9      | Noticed Maurice
 10254 | D:9      | Paralysed by something for 4 turns
 10285 | D:9      | Killed Maurice
 10286 | D:9      | Reached XP level 11. HP: 78/89 MP: 12/14
 10377 | D:9      | Noticed a deep elf pyromancer
 10395 | D:9      | Killed a deep elf pyromancer
 10490 | D:9      | Noticed a centaur warrior
 10537 | D:9      | Mangled by a cyclops

Illustrated notes

Levels and vault maps discovered:
D:1:      dpeg_arrival_fog, layout_rooms
D:2:      layout_loops_corners, nicolae_ecumenical_lake_church
D:3:      layout_loops_ring, serial_shops,
          nicolae_shop_temple_entry_statues_fountains,
          nicolae_shop_advertising_works [nicolae_subvault_shop_adworks],
          nicolae_square_shop, kennysheep_cross_bottleneck
D:4:      minmay_door_path, layout_loops_ring, ebering_ghost_sewer_d,
          nicolae_ossuary_entry_catacombs
D:5:      layout_rooms, grunt_ministairs_15, chequers_big_river
D:6:      layout_basic, grunt_temple_overflow_forces_of_nature,
          mainiacjoe_overflow_alcove_1, uniq_prince_ribbit1
D:7:      layout_cave_pools, elyvilon_altar_1, temple_pool_b,
          hangedman_decor_opposing, minmay_misc_feat_cross
D:8:      layout_cave_pods, lemuel_crystal_altar,
          chequers_serial_rivers_small_b, uniq_pikel, uniq_harold
D:9:      nzn_winding_woodlands_medium [nzn_winding_woodlands_5x5_default,
          nzn_winding_woodlands_5x15_crooked, nzn_winding_woodlands_5x5_default,
          nzn_winding_woodlands_5x5_open_star,
          nzn_winding_woodlands_center_triple_pond,
          nzn_winding_woodlands_5x5_three,
          nzn_winding_woodlands_5x5_checkerboard,
          nzn_winding_woodlands_5x15_parted, nzn_winding_woodlands_hourglass],
          layout_gridville, nicolae_uskayaw_dance_hall,
          nemelex_spade_bored_becter, david_lair_shrubbed, uniq_maurice
D:10:     layout_roguey, serial_shops, shop, serial_nicolae_subway,
          nicolae_sub_station_stone, nicolae_sub_station_metal,
          nicolae_sub_station_crystal

Skill      XL: |  1  2  3  4  5  6  7  8  9 10 |
---------------+-------------------------------+-----
Dodging        | 2 3 4 5 6 8 |  8.4
Unarmed Combat | 4 5 6 8 10 11 12 | 12.6
Stealth        | 1 2 3 4 |  4.7
Fighting       | 2 4 5 |  5.9
Invocations    | 3 |  3.6
Evocations     | 3 |  3.5
Spellcasting   | |  2.0
Transmutations | |  2.0

Action                   |  1- 3 |  4- 6 |  7- 9 | 10-12 || total
-------------------------+-------+-------+-------+-------++-------
Melee: Unarmed           |   140 |   221 |   311 |   194 ||   866
       Kick              |    21 |    27 |    43 |    36 ||   127
       Tailslap          |    13 |    31 |    44 |    26 ||   114
       Headbutt          |    10 |    19 |    33 |    28 ||    90
       Punch             |       |     9 |    14 |    16 ||    39
Throw: Dart              |       |       |    14 |     6 ||    20
 Cast: Beastly Appendage |    21 |    19 |    29 |    25 ||    94
Invok: Upheaval          |       |       |       |     1 ||     1
 Abil: Breathe Fire      |       |       |    17 |    14 ||    31
  Use: Scroll            |     2 |     2 |     1 |     2 ||     7
       Potion            |       |       |     1 |     4 ||     5
 Stab: Sleeping          |     1 |    11 |     7 |       ||    19
       Distracted        |       |       |     1 |       ||     1
Armor: Skin              |    52 |    55 |    77 |    50 ||   234
Dodge: Dodged            |   118 |   104 |   207 |   140 ||   569
Block: Other             |       |       |       |    16 ||    16

Table legend: (Time is in decaauts)
 A = Elapsed time spent in this place.
 B = Non-inter-level travel time spent in this place.
 C = Inter-level travel time spent in this place.
 D = Time resting spent in this place.
 E = Time spent auto-exploring this place.
 F = Levels seen in this place.
 G = Mean time per level.
                   A        B        C        D        E       F      G
               +--------+--------+--------+--------+--------+-----+--------+
         Total |  10433 |   9969 |    464 |    498 |   7165 |  11 |  948.5 |
       Dungeon |   9806 |   9342 |    464 |    488 |   6729 |  10 |  980.6 |
       Ossuary |    626 |    626 |      0 |     10 |    436 |   1 |  626.0 |
               +--------+--------+--------+--------+--------+-----+--------+

Top non-repeatable levels by time:
     D:8: 1573 daAuts
     D:2: 1318 daAuts
     D:6: 1164 daAuts
     D:9: 1039 daAuts
     D:4: 1027 daAuts
     D:3: 1025 daAuts
     D:1: 912 daAuts
     D:5: 906 daAuts
     D:7: 768 daAuts
 Ossuary: 626 daAuts
    D:10: 70 daAuts
